 Dungeon Crawl Stone Soup version 0.28.0 (webtiles) character file.

Game seed: 14878956322696077307

46 Armakuni the Skirmisher (level 3, 0/29 HPs)
             Began as a Human Enchanter on Feb 9, 2022.
             Slain by a gnoll (13 damage)
             ... on level 2 of the Dungeon.
             The game lasted 00:05:17 (1732 turns).

Armakuni the Skirmisher (Human Enchanter)           Turns: 1732, Time: 00:05:18

Health: 0/29       AC:  6    Str: 10    XL:     3   Next: 92%
Magic:  6/6        EV: 10    Int: 15    God:
Gold:   91         SH:  0    Dex: 13    Spells: 6/6 levels left

rFire   . . .      SeeInvis .   a - +1 dagger
rCold   . . .      Faith    .   (no shield)
rNeg    . . .      Spirit   .   d - +0 ring mail
rPois   .          Reflect  .   (no helmet)
rElec   .          Harm     .   (no cloak)
rCorr   +          Rampage  .   b - +0 pair of gloves
Will    .....                   (no boots)
Stlth   ++........              (no amulet)
HPRegen 0.09/turn               K - ring of resist corrosion
MPRegen 0.10/turn               (no ring)

@: lethally poisoned (0 -> -2)
A: no striking features
a: no special abilities


You were on level 2 of the Dungeon.
You visited 1 branch of the dungeon, and saw 2 of its levels.

You collected 91 gold pieces.

Inventory:

Hand Weapons
 a - a +1 dagger (weapon)
Missiles
 h - 4 poisoned darts (quivered)
Armour
 b - a +0 pair of gloves (worn)
 d - a +0 ring mail (worn)
Jewellery
 K - a ring of resist corrosion (left hand)
Scrolls
 f - 2 scrolls of teleportation
 g - a scroll of noise
Potions
 c - a potion of invisibility
 e - a potion of mutation {unknown}


   Skills:
 + Level 3.2 Fighting
 - Level 1.0 Short Blades
 - Level 2.0 Dodging
 - Level 3.0 Stealth
 - Level 2.0 Spellcasting
 - Level 3.0 Hexes


You had 6 spell levels left.
You didn't know any spells.
Your spell library contained the following spells:

 Spells                   Type           Power      Damage    Failure   Level
 Ensorcelled Hibernation  Hex/Ice        12%        N/A       43%         2
 Confusing Touch          Hex            10%        N/A       45%         3
 Tukima's Dance           Hex            10%        N/A       45%         3
 Shock                    Conj/Air       4%         1d3       50%         1
 Dazzling Flash           Conj/Hex       12%        N/A       67%         3
 Swiftness                Air            1%         N/A       86%         3
 Airstrike                Air            0%         N/A       99%         4


Dungeon Overview and Level Annotations

Branches:
Dungeon (2/15)

Altars:


Message History

You miss the adder.
The adder is moderately wounded.
The adder closely misses you. The adder bites you but does no damage.
You hit the adder.
The adder is heavily wounded.
A ball python comes into view.
The adder bites you.
You are poisoned.
The adder poisons you!
The ball python moves out of view.
You closely miss the adder.
The adder is heavily wounded.
You feel sick.
A gnoll comes into view. It is wielding a +0 halberd.
The adder bites you.
You are more poisoned.
The adder poisons you!
The gnoll shouts!
You hit the adder but do no damage.
The adder is heavily wounded.
You feel sick. The adder closely misses you.
The ball python hisses angrily.
You hit the adder.
The adder is almost dead.
You feel sick. The adder closely misses you.
You closely miss the adder.
The adder is almost dead.
You feel sick. The adder barely misses you.
A gnoll comes into view. It is wielding a +0 long sword.
The adder barely misses you.
You closely miss the adder.
The adder is almost dead.
You feel sick. The adder bites you.
You barely miss the adder.
The adder is almost dead.
You feel sick. The adder bites you but does no damage.
You hit the adder but do no damage.
The adder is almost dead.
You feel sick. The adder bites you.
The gnoll hits you from afar with a +0 halberd!
You die...

..#...#
##.#...##.#....###....
..#...#
###.###.##.#.##########
......#
#...###................
###.###
#.#....###.#...........
# #.# #.#.##.#
#.#........... # #.#
#.#.##.# #.#.#########.
### #.#.##.# #.#.# #.
#.#.##.# #.#.# #.
#.#.##@# #.#.# #.
###.##S# #.#.# ##
#..ggg # ##S## #####
#g# ..... #.# ##### ...
...


You could see 4 gnolls, an adder and a ball python.

Vanquished Creatures
  An adder (D:2)
  3 ball pythons
  3 endoplasms
  2 giant cockroaches (D:2)
  5 goblins
  A hobgoblin (D:1)
  6 kobolds
  3 quokkas
  3 bats
  5 frilled lizards
  3 rats (D:2)
35 creatures vanquished.

Notes
Turn   | Place    | Note
-------+----------+-------------------------------------------
     0 | D:1      | Armakuni the Human Enchanter began the quest for the Orb.
     0 | D:1      | Reached XP level 1. HP: 13/13 MP: 3/3
   207 | D:1      | Reached skill level 1 in Fighting
   282 | D:1      | Reached XP level 2. HP: 19/21 MP: 5/5
  1013 | D:2      | Reached XP level 3. HP: 28/28 MP: 6/6
  1372 | D:2      | Found a faded altar of an unknown god.
  1732 | D:2      | Slain by a gnoll

Illustrated notes

Levels and vault maps discovered:
D:1:      sevenhm_arrival_forest_fort_large_2, layout_basic
D:2:      layout_basic, ebering_ecumenical_altar_webs, kennysheep_generic_room_7

Skill      XL: |  1  2  3 |
---------------+----------+-----
Fighting       | 1 2 3 |  3.2
Short Blades   | |  1.0
Dodging        | |  2.0
Stealth        | |  3.0
Spellcasting   | |  2.0
Hexes          | |  3.0

Action                   || total
-------------------------++-------
Melee: Dagger            ||   171
       Punch             ||     3
  Use: Scroll            ||     3
 Stab: Sleeping          ||     1
Armor: Ring mail         ||    63
       Robe              ||     6
Dodge: Dodged            ||    84
